 Dungeon Crawl Stone Soup version 0.31-a0-1144-g99969ba1bc (webtiles) character file.

Game seed: 13524948777056932618

828 Alexis78 the Trooper (level 7, 0/57 HPs)
             Began as a Barachi Fighter on Dec 5, 2023.
             Was a Priest of Nemelex Xobeh.
             Succumbed to a water moccasin's poison
             ... on level 5 of the Dungeon on Dec 6, 2023.
             The game lasted 00:50:14 (4297 turns).

Alexis78 the Trooper (Barachi Fighter)              Turns: 4297, Time: 00:50:15

Health: 0/57       AC: 21    Str: 19    XL:     7   Next: 97%
Magic:  7/7        EV: 10    Int:  9    God:    Nemelex Xobeh [***...]
Gold:   278        SH:  5    Dex: 11    Spells: 2/6 levels left

rFire   . . .        f - +1 trident (flame)
rCold   + . .        c - +0 buckler
rNeg    . . .        b - +1 scale mail
rPois   +            A - +1 helmet
rElec   .            m - +0 cloak
rCorr   .            y - +2 pair of gloves
SInv    .            (no boots)
Will    .....        (no amulet) Stlth
                     e - ring of protection from cold
HPRegen 0.29/turn    v - +4 ring of protection
MPRegen 0.10/turn

%: no passive effects
@: lethally poisoned (0 -> -2), slow
A: amphibious, slowness 1, strong legs 1, +LOS, iridescent scales 1, poison
resistance, inability to drink after injury 1, MP-powered wands
a: Hop, Renounce Religion, Draw Escape, Draw Destruction, Draw Summoning, Triple
Draw


You were on level 5 of the Dungeon.
You worshipped Nemelex Xobeh.
Nemelex Xobeh was most pleased with you.
You visited 1 branch of the dungeon, and saw 5 of its levels.

You collected 278 gold pieces.

Inventory:

Hand Weapons
 a - a +0 vampiric long sword
 f - a +1 trident of flaming (weapon)
 h - a +0 sling
 t - a +0 war axe
 x - a +0 longbow
 B - a +3 quarterstaff of chaos
 C - a +2 whip of venom
Missiles
 j - 45 stones
 p - 20 poisoned darts (quivered)
Armour
 b - a +1 scale mail (worn)
 c - a +0 buckler (worn)
 m - a +0 cloak (worn)
 n - an orb of energy
 y - a +2 pair of gloves (worn)
 A - a +1 helmet (worn)
 D - a +2 cloak of willpower
Jewellery
 e - a ring of protection from cold (left hand)
 o - a ring of magical power
 v - a +4 ring of protection (right hand)
Wands
 G - a wand of polymorph (7)
Scrolls
 g - 4 scrolls of blinking
 i - a scroll of enchant armour
 l - a scroll of identify
 q - a scroll of teleportation
 r - a scroll of brand weapon
 s - 2 scrolls of immolation
 w - 2 scrolls of noise
 z - a scroll of fog
 F - a scroll of revelation
Potions
 d - 3 potions of might
 k - a potion of mutation
 u - a potion of berserk rage
 E - 2 potions of ambrosia


   Skills:
 + Level 5.7 Fighting
 + Level 4.8 Long Blades
 + Level 3.6 Polearms
 + Level 5.3 Armour
 + Level 2.8 Dodging
 + Level 0.4 Stealth
 + Level 5.1 Shields


You had 2 spell levels left.
You knew the following spells:

 Your Spells              Type           Power      Damage    Failure   Level
a - Ensorcelled Hibernat  Hex/Ice        0%         N/A       91%         2
b - Jinxbite              Hex            0%         N/A       91%         2

Your spell library contained the following spells:

 Spells                   Type           Power      Damage    Failure   Level
 Dazzling Flash           Conj/Hex       0%         N/A       99%         3
 Volatile Blastmotes      Fire/Tloc      0%         2d10      99%         3
 Anguish                  Hex/Necr       0%         N/A       100%        4
 Manifold Assault         Tloc           0%         N/A       100%        4
 Summon Forest            Summ/Tloc      0%         N/A       100%        5
 Summon Mana Viper        Hex/Summ       0%         N/A       100%        5
 Dispersal                Tloc           0%         N/A       100%        6
 Starburst                Conj/Fire      0%         6d3       100%        6
 Summon Cactus Giant      Summ           0%         N/A       100%        6
 Disjunction              Tloc           0%         N/A       100%        8
 Maxwell's Capacitive Co  Air            0%         ∞         100%        8


Dungeon Overview and Level Annotations

Branches:
Dungeon (5/15)
 Temple: D:4-7

Altars:
Nemelex Xobeh
Okawaru
Qazlal
Ru
Sif Muna
Uskayaw
Wu Jian
Xom


Innate Abilities, Weirdness & Mutations

You are amphibious.
You cover ground slowly.
You can hop short distances.
You have an extended range of vision and can be seen from far away.
You are partially covered in iridescent scales. (AC +2)
Your system is resistant to poisons. (rPois)
You occasionally lose the ability to drink potions when taking damage.
You expend magic power (3 MP) to strengthen your wands.


Message History

You closely miss the water moccasin.
The water moccasin is severely wounded.
You feel very sick.
The water moccasin bites you but does no damage.
The water moccasin closely misses you.
You closely miss the water moccasin.
The water moccasin is severely wounded.
You feel very sick.
The water moccasin bites you but does no damage.
You miss the water moccasin.
The water moccasin is severely wounded.
You feel very sick.
The water moccasin closely misses you. x2
You closely miss the water moccasin.
The water moccasin is severely wounded.
You feel sick. You block the water moccasin's attack.
The water moccasin barely misses you.
You miss the water moccasin.
The water moccasin is severely wounded.
You feel sick. The water moccasin closely misses you.
You barely miss the water moccasin.
The water moccasin is severely wounded.
You feel sick.
The water moccasin bites you but does no damage.
The water moccasin bites you!
* * * LOW HITPOINT WARNING * * *
You hit the water moccasin. You burn the water moccasin.
The water moccasin is almost dead.
You feel sick. The water moccasin bites you.
* * * LOW HITPOINT WARNING * * *
You barely miss the water moccasin.
The water moccasin is almost dead.
You feel sick. The water moccasin bites you.
* * * LOW HITPOINT WARNING * * *
The water moccasin closely misses you.
Blink to where?
Press: ? - help, Dir - move target
Okay, then.
You die...
Your body disappears without a glow.

##...##....###. ###
##...##.##.# ..
#######.###### #####
##)..........# #...#
##.####.####.# #.#.#
#.......# #.#.# #
#.##.##.# #.#.###.# #
...#.#.###.#.....#
._......S.@##..#....#
#...#.#.#...###.#
###..# ##.## #...#
#.# # ... #..## #.#
#.# ##.# #.# #.# #.#
#.. #.# ### ..#


You could see a water moccasin.

Vanquished Creatures
  An ogre (D:5)
  A phantom (D:4)
  Blork the orc (D:4)
  A scorpion (D:4)
  A jelly (D:5)
  2 orc priests (D:5)
  2 hounds (D:3)
  A sleepcap (D:5)
  Crazy Yiuf (D:4)
  2 iguanas
  An orc wizard (D:4)
  Robin (D:4)
  6 adders
  4 gnolls
  3 river rats (D:4)
  2 worms (D:4)
  5 dart slugs (D:1)
  8 orcs
  6 endoplasms
  3 giant cockroaches (D:1)
  15 goblins
  10 hobgoblins
  6 jackals
  9 kobolds
  4 quokkas
  7 ball pythons
  5 bats
  4 frilled lizards
  8 rats
  2 butterflies (D:3)
122 creatures vanquished.

Notes
Turn   | Place    | Note
-------+----------+-------------------------------------------
     0 | D:1      | Alexis78 the Barachi Fighter began the quest for the Orb.
     0 | D:1      | Reached XP level 1. HP: 18/18 MP: 1/1
    44 | D:1      | Reached XP level 2. HP: 25/25 MP: 2/2
   258 | D:1      | Reached XP level 3. HP: 27/30 MP: 3/3
   688 | D:2      | Found a shimmering blue altar of Sif Muna.
   702 | D:2      | Gained mutation: You are partially covered in iridescent
                  | scales. (AC +2) [potion of mutation]
   702 | D:2      | Gained mutation: You occasionally lose the ability to drink
                  | potions when taking damage. [potion of mutation]
   702 | D:2      | Gained mutation: Your system is resistant to poisons.
                  | (rPois) [potion of mutation]
   702 | D:2      | Gained mutation: You expend magic power (3 MP) to
                  | strengthen your wands. [potion of mutation]
   841 | D:2      | Found a faded altar of an unknown god.
   859 | D:2      | Prayed at the altar of an unknown god.
   859 | D:2      | Became a worshipper of Nemelex Xobeh the Trickster
   859 | D:2      | Reached * piety under Nemelex Xobeh
   859 | D:2      | Received a gift from Nemelex Xobeh
   863 | D:2      | Learned a level 2 spell: Ensorcelled Hibernation
  1015 | D:2      | Found an ornate altar of the Wu Jian Council.
  1024 | D:2      | Reached XP level 4. HP: 37/37 MP: 4/4
  1496 | D:3      | Found a shimmering blue altar of Sif Muna.
  1502 | D:3      | Upgraded the game from 0.31-a0-1134-gb247575874 to
                  | 0.31-a0-1144-g99969ba1bc
  1769 | D:3      | Reached ** piety under Nemelex Xobeh
  1940 | D:3      | Found a shimmering altar of Xom.
  2066 | D:3      | You fall into a shaft and drop 2 floors!
  2066 | D:5      | Entered Level 5 of the Dungeon
  2085 | D:5      | Noticed an ogre
  2246 | D:4      | Reached XP level 5. HP: 41/43 MP: 5/5
  2347 | D:4      | Noticed Blork the orc
  2360 | D:4      | Killed Blork the orc
  2414 | D:4      | Received a gift from Nemelex Xobeh
  2414 | D:4      | Noticed a phantom
  2418 | D:4      | Learned a level 2 spell: Jinxbite
  2422 | D:4      | Noticed Robin
  2428 | D:4      | Reached skill level 1 in Dodging
  2452 | D:4      | Reached XP level 6. HP: 23/49 MP: 6/6
  2477 | D:4      | Killed Robin
  2496 | D:4      | Reached skill level 1 in Polearms
  2496 | D:4      | Reached skill level 5 in Armour
  2742 | D:4      | Reached skill level 5 in Fighting
  2920 | D:4      | Reached XP level 7. HP: 53/56 MP: 7/7
  2932 | D:4      | Found a stormy altar of Qazlal.
  3055 | D:4      | Found a runed translucent door.
  3056 | D:4      | Noticed Crazy Yiuf
  3063 | D:4      | Killed Crazy Yiuf
  3396 | D:3      | Found an ornate altar of the Wu Jian Council.
  3548 | D:5      | Reached skill level 5 in Shields
  3944 | D:5      | Found a hide-covered altar of Uskayaw.
  4055 | D:5      | Reached *** piety under Nemelex Xobeh
  4056 | D:5      | Found an iron altar of Okawaru.
  4076 | D:5      | Found a sacrificial altar of Ru.
  4296 | D:5      | HP: 1/57 [water moccasin (6)]
  4297 | D:5      | Succumbed to a water moccasin's poison

Illustrated notes

Levels and vault maps discovered:
D:1:      evilmike_arrival_hilbert_curve, layout_rooms, minmay_quantized
D:2:      layout_basic, basic_altar, shapermc_ecumenical_altar_hornbeckon,
          minmay_hexomino_r4
D:3:      layout_basic, nicolae_wu_jian_immortal_techniques, led_sif_pool,
          xom_butterflies, cheibrodos_gnoll_hut
D:4:      layout_cave_pools, nicolae_qazlal_scattered_showers,
          lightli_sewer_entry_pipes, minmay_misc_feat_diagonals,
          uniq_crazy_yiuf_cottage, uniq_blork_the_orc, uniq_robin
D:5:      layout_basic, nicolae_ru_sacrificial_ziggurat, okawaru_trees_1,
          eat_drink_and_be_merry_uskayaw, serial_co_window_serial,
          co_window_of_opportunity_a, co_window_paths_a, co_window_paths_a,
          co_window_corner_a, co_window_paths_a, co_window_broadway_c,
          co_window_corner_ca, co_window_cross_3, co_window_unsneaky_path_c,
          co_window_paths_c, co_window_paths_d

Skill      XL: |  1  2  3  4  5  6  7 |
---------------+----------------------+-----
Armour         | 4 5 |  5.3
Fighting       | 4 5 |  5.7
Long Blades    | 3 4 |  4.8
Shields        | 4 5 |  5.1
Dodging        | 1 2 |  2.8
Polearms       | 1 3 |  3.6
Stealth        | |  0.4

Action                     |  1- 3 |  4- 6 |  7- 9 || total
---------------------------+-------+-------+-------++-------
  Melee: Long sword        |   123 |    70 |       ||   193
         Trident           |       |   174 |   134 ||   308
  Throw: Dart              |       |       |     2 ||     2
Ability: Hop               |     1 |     1 |       ||     2
    Use: Potion            |     2 |     2 |       ||     4
         Scroll            |     1 |     3 |    10 ||    14
 Armour: Scale mail        |    99 |   254 |    91 ||   444
  Dodge: Dodged            |    77 |   126 |    63 ||   266
  Block: Buckler           |    24 |    86 |    21 ||   131

Table legend: (Time is in decaauts)
 A = Elapsed time spent in this place.
 B = Non-inter-level travel time spent in this place.
 C = Inter-level travel time spent in this place.
 D = Time resting spent in this place.
 E = Time spent auto-exploring this place.
 F = Levels seen in this place.
 G = Mean time per level.
                   A        B        C        D        E       F      G
               +--------+--------+--------+--------+--------+-----+--------+
         Total |   5045 |   4994 |     51 |    417 |   1774 |   5 | 1009.0 |
       Dungeon |   5045 |   4994 |     51 |    417 |   1774 |   5 | 1009.0 |
               +--------+--------+--------+--------+--------+-----+--------+

Top non-repeatable levels by time:
     D:4: 1345 daAuts
     D:3: 1063 daAuts
     D:2: 962 daAuts
     D:5: 906 daAuts
     D:1: 767 daAuts
